[Event "Late-Titled-Tuesday-Blitz-September-26-2023"]
[Site "Chess.com"]
[Date "2023.09.26"]
[Round "3"]
[White "tdf98pantani"]
[Black "Angry_Twin"]
[Result "1/2-1/2"]
[WhiteElo "2698"]
[BlackElo "2946"]
[TimeControl "180+1"]
[EndTime "14:27:52 PDT"]
[Termination "Game drawn - insufficient material"]

1. e4 c5 2. Nf3 d6 3. d4 cxd4 4. Nxd4 Nf6 5. Nc3 a6 6. Bg5 e6 7. f4 h6 8. Bh4 Nbd7 9. Qf3 e5 10. Nf5 exf4 11. O-O-O Ne5 12. Bxf6 Qxf6 13. Qxf4 Be6 14.
Nxd6+ Bxd6 15. Qxf6 gxf6 16. Rxd6 Ke7 17. Rd1 Rhd8 18.
Be2 b5 19. Rxd8 Rxd8 20. Rd1 Rc8 21. a3 Rc5 22. Rd4 Nc6 23. Nd5+ Bxd5 24. Rxd5 Rxd5 25.
exd5 Nd4 26. Bd3 Kd6 27. c3 Nb3+ 28. Kc2 Nc5 29. b4 Nxd3 30. Kxd3 Kxd5 31. g4 f5 32. gxf5 f6 33. h3 h5 34. h4 Ke5 35. c4 bxc4+ 36. Kxc4 Kxf5 37. Kd3 Ke5 38. a4 Kd5 39. b5 axb5 40. axb5 Kc5 41. Ke4 Kxb5 42.
Kf5 Kc6 43. Kg6 Kd6 44. Kxh5 Ke7 45. Kg6 Kf8 46. Kxf6 Kg8 47. h5 Kh8 48. h6 Kg8 49.
h7+ Kxh7 1/2-1/2

[Event "Late-Titled-Tuesday-Blitz-September-26-2023"]
[Site "Chess.com"]
[Date "2023.09.26"]
[Round "3"]
[White "Bauman_Guy"]
[Black "vova-79"]
[Result "1-0"]
[WhiteElo "2868"]
[BlackElo "2614"]
[TimeControl "180+1"]
[EndTime "14:27:53 PDT"]
[Termination "Bauman_Guy won by resignation"]

1. e4 c6 2. d4 d5 3. e5 c5 4. dxc5 e6 5. Nf3 Bxc5 6. a3 Nc6 7. Bd3 Nge7 8. O-O Ng6 9. b4 Bb6 10. Bb2 Nf4 11. c4 O-O 12. Nc3 a6 13. c5 Bc7 14.
Re1 d4 15. Ne2 Nxd3 16. Qxd3 Nxe5 17. Nxe5 Bxe5 18. Bxd4 Bxd4 19. Nxd4 Qd5 20. Rad1 Rd8 21. Qe3 Bd7 22. Nb5 Bxb5 23. Rxd5 Rxd5 24. h3 Rd3 25.
Qe5 Rxa3 26. Rd1 Rd3 27. Rxd3 Bxd3 28. Qc7 Be4 29. f3 Bd5 30. Kf2 Re8 31. Ke3 g6 32. h4 h5 33. g4 hxg4 34. fxg4 Kg7 35. Qe5+ f6 36. Qc7+ Kg8 37. g5 fxg5 38. hxg5 Rf8 39.
Qe7 Rf5 40. Kd4 Rf4+ 41. Ke5 Rf5+ 42. Kd6 Rf7 43. Qe8+ Kg7 44. Qd8 Rf8 45. Qd7+ Rf7 46. Qa4 Rf5 47. Qa1+ Kg8 48. Qc1 Kg7 49. Qe3 Kg8 50. Qg3 Kg7 51. Qh4 Bc6 52. Qh6+ Kf7 53.
Qh7+ Kf8 54. Qxg6 Rf7 55. Qxe6 1-0

[Event "Late-Titled-Tuesday-Blitz-September-26-2023"]
[Site "Chess.com"]
[Date "2023.09.26"]
[Round "3"]
[White "RCone"]
[Black "nOcHeaTiNgKiD"]
[Result "0-1"]
[WhiteElo "2406"]
[BlackElo "2614"]
[TimeControl "180+1"]
[EndTime "14:27:54 PDT"]
[Termination "nOcHeaTiNgKiD won on time"]

1. e4 c6 2. d4 d5 3. e5 Bf5 4. h4 h6 5. g4 Be4 6. f3 Bh7 7. e6 Nf6 8. f4 c5 9. Bb5+ Nc6 10.
Be3 Be4 11. Rh2 h5 12. g5 Ng4 13.
Rh3 fxe6 14. Nc3 Bf5 15. Rg3 g6 16. Qd2 Bg7 17. Nf3 O-O 18. Bxc6 bxc6 19. Ne5 Bxe5 20.
fxe5 Nxe3 21. Qxe3 cxd4 22. Qxd4 Qb6 23. O-O-O c5 24. Qa4 Rab8 25. b3 Qb4 26. Qxb4 Rxb4 27.
Na4 Rc8 28. Rh1 c4 29. Rh2 cxb3 30. axb3 d4 31. Kb2 Kf7 32. Rf3 Rb5 33. Rf4 Rd8 34. Rd2 d3 35. cxd3 Rxe5 36. d4 Re3 37. Nc5 Rb8 38. Rff2 a5 39. d5 exd5 40. Rxd5 a4 41.
Rd3 Rxd3 42. Nxd3 Rxb3+ 43. Kc2 Rxd3 0-1

[Event "Late-Titled-Tuesday-Blitz-September-26-2023"]
[Site "Chess.com"]
[Date "2023.09.26"]
[Round "3"]
[White "Chempiblinka"]
[Black "gabduschew"]
[Result "0-1"]
[WhiteElo "2173"]
[BlackElo "2390"]
[TimeControl "180+1"]
[EndTime "14:27:55 PDT"]
[Termination "gabduschew won on time"]

1. Nf3 g6 2. d4 Bg7 3. g3 d6 4.
Bg2 Nd7 5. O-O e5 6. c4 Ngf6 7. Nc3 O-O 8. e4 Re8 9. Re1 h6 10. b3 c6 11. Bb2 Qc7 12. h3 Nf8 13. Rc1 N6h7 14. Ba3 exd4 15. Nxd4 Ne6 16. Nxe6 Rxe6 17. Nd5 Qd8 18. Nf4 Rf6 19. e5 Rxf4 20. gxf4 Qh4 21.
exd6 Bd7 22. Re7 Rd8 23. Qf3 Bf6 24. Re2 Nf8 25. Rce1 Ne6 26. Qg3 Qxf4 27. Qxf4 Nxf4 28. Re4 Ne6 29. Bc1 Kg7 30. f4 Nc5 31. R4e2 Bf5 32. Kh2 Rxd6 33. Ba3 b6 34. Bxc5 bxc5 35. Bf3 Bc3 36.
Rc1 Bd2 37. Rf1 Bxf4+ 38. Kg2 Bd3 39. Be4 Bxe2 40. Rxf4 f5 41. Bf3 Bxf3+ 42. Rxf3 Rd2+ 43. Kg3 Kf6 44. Re3 g5 45. Kf3 Rh2 46. Kg3 f4+ 0-1

[Event "Late-Titled-Tuesday-Blitz-September-26-2023"]
[Site "Chess.com"]
[Date "2023.09.26"]
[Round "3"]
[White "Roedor"]
[Black "LeninGuerra"]
[Result "1-0"]
[WhiteElo "2370"]
[BlackElo "2549"]
[TimeControl "180+1"]
[EndTime "14:27:56 PDT"]
[Termination "Roedor won by resignation"]

1. d4 Nf6 2. c4 e6 3. g3 Bb4+ 4. Nd2 c5 5. Nf3 cxd4 6. Nxd4 Nc6 7. Nc2 Be7 8. Bg2 O-O 9. O-O d6 10. b3 e5 11. Bb2 Be6 12. e4 Rc8 13. Ne3 h5 14. h3 h4 15. g4 Nh7 16. Nf5 g6 17.
Nxe7+ Qxe7 18. Nf3 Rfd8 19. Qd2 Kg7 20. Rad1 Rc7 21.
Ne1 g5 22. Nc2 f6 23. Ne3 Nf8 24. Nf5+ Bxf5 25. exf5 Qd7 26. Rfe1 Ne7 27. Ba3 Nc8 28. Qe3 b5 29. c5 a5 30. cxd6 Rc2 31. Rc1 Rxc1 32.
Rxc1 b4 33. Rc7 bxa3 34. Rxd7+ Rxd7 35. Qc5 Nxd6 36. Qxa3 Nb5 37. Qxa5 Rd1+ 38. Kh2 Nd4 39. Qc7+ Kh8 40. Qf7 Nd7 41. Bd5 Nf3+ 42. Bxf3 Rd2 43. Bd5 Rxf2+ 44. Kg1 1-0

[Event "Late-Titled-Tuesday-Blitz-September-26-2023"]
[Site "Chess.com"]
[Date "2023.09.26"]
[Round "3"]
[White "roxannyzoldyck"]
[Black "Jaka_Brilej"]
[Result "0-1"]
[WhiteElo "2201"]
[BlackElo "2517"]
[TimeControl "180+1"]
[EndTime "14:27:57 PDT"]
[Termination "Jaka_Brilej won by resignation"]

1. e4 e6 2. d4 d5 3. e5 c5 4. c3 Nc6 5. Nf3 Qb6 6. a3 Nh6 7. Bd3 cxd4 8. cxd4 Bd7 9. Nc3 Nxd4 10.
Nxd4 Qxd4 11. O-O Qxe5 12. Re1 Qd6 13. Qh5 Be7 14. Nb5 Qb6 15. Be3 Qd8 16. Bxh6 gxh6 17. Qe5 O-O 18. Rac1 Bxb5 19. Bxb5 Bf6 20. Qg3+ Bg7 21.
b4 Rc8 22. Bd3 Qg5 23. Rxc8 Rxc8 24. Qd6 Rc1 25. Rxc1 Qxc1+ 26. Bf1 Bd4 27. Qg3+ Kf8 28. Qb8+ Kg7 29. Qg3+ Qg5 30. Qxg5+ hxg5 31. g3 Bb2 32. a4 Ba3 33. b5 Bc5 34. Kg2 e5 35. Kf3 f5 36. g4 Kf6 37. h3 e4+ 38. Ke2 f4 39. Kd2 d4 40. Bc4 Ke5 41. Bg8 h6 42. Bf7 Bb4+ 43.
Kc2 d3+ 44. Kd1 b6 45. Bg8 Kd4 46. Be6 e3 47. fxe3+ fxe3 0-1

[Event "Late-Titled-Tuesday-Blitz-September-26-2023"]
[Site "Chess.com"]
[Date "2023.09.26"]
[Round "3"]
[White "Defenstrator"]
[Black "canary2016"]
[Result "1-0"]
[WhiteElo "2375"]
[BlackElo "2133"]
[TimeControl "180+1"]
[EndTime "14:27:57 PDT"]
[Termination "Defenstrator won on time"]

1. e4 c5 2. Nf3 d6 3. Nc3 Nf6 4. e5 dxe5 5. Nxe5 Qc7 6. d4 cxd4 7. Qxd4 e6 8. Bf4 Qc5 9. Bb5+ Bd7 10. O-O-O Qxd4 11.
Rxd4 Nc6 12. Nxc6 Bxc6 13. Rhd1 Be7 14. Bd6 Bxd6 15. Bxc6+ bxc6 16. Rxd6 Rc8 17. Na4 O-O 18. Nc5 Nd5 19. Rd7 Ra8 20. Rb7 Rfb8 21. c4 Nb6 22. b3 Rxb7 23. Nxb7 g6 24. Rd6 Rc8 25. Na5 c5 26. Rc6 Rxc6 27. Nxc6 a6 28. a4 Nd7 29.
Kd2 Kg7 30. Kd3 Kf6 31. f4 Kf5 32. g3 Kg4 33. Ke4 Kh3 34. Ne5 Nxe5 35. fxe5 Kxh2 36. b4 Kxg3 37. bxc5 h5 38. c6 h4 39. c7 h3 40.
c8=Q h2 41. Qh8 Kg2 42. c5 1-0

[Event "Late-Titled-Tuesday-Blitz-September-26-2023"]
[Site "Chess.com"]
[Date "2023.09.26"]
[Round "3"]
[White "artin10862"]
[Black "Druid24"]
[Result "0-1"]
[WhiteElo "2878"]
[BlackElo "2681"]
[TimeControl "180+1"]
[EndTime "14:28:01 PDT"]
[Termination "Druid24 won on time"]

1. a3 g6 2. c4 Bg7 3. g3 e5 4. Bg2 f5 5. Nc3 Nf6 6. d3 O-O 7. Nf3 Nc6 8. O-O d6 9. Rb1 a5 10. b4 axb4 11. axb4 f4 12. b5 Ne7 13. gxf4 exf4 14. Bxf4 Nh5 15. Bd2 Nf4 16. Bxf4 Rxf4 17. Ne4 Ra2 18. Nfd2 Bg4 19. Qb3 Qa8 20. e3 Rf8 21. h3 Be2 22. Rfe1 Ra3 23. Rxe2 Rxb3 24. Nxb3 Qa3 25. Ng5 c6 26. Ne6 Rf5 27. Nxg7 Kxg7 28.
bxc6 bxc6 29. Nd4 Rf6 30. Rd2 Qc3 31. Rbd1 d5 32. cxd5 Nxd5 33. Rc2 Qa3 34. Nxc6 Nb4 35. Nxb4 Qxb4 36. d4 Qb5 37. Rc5 Qe2 38. Rf1 Rf5 39. Rc7+ Kh6 40. Kh2 Rxf2 41. Rxf2 Qxf2 42. Re7 g5 43.
Re5 Kg6 44. Re6+ Kf7 45. Re5 Kf6 46. Kh1 h5 47. Bd5 g4 48. hxg4 hxg4 49. Bg2 g3 50. e4 Qe1+ 0-1

[Event "Late-Titled-Tuesday-Blitz-September-26-2023"]
[Site "Chess.com"]
[Date "2023.09.26"]
[Round "3"]
[White "MagnusCarlsen"]
[Black "IlanSchnaider"]
[Result "1-0"]
[WhiteElo "3281"]
[BlackElo "2807"]
[TimeControl "180+1"]
[EndTime "14:28:05 PDT"]
[Termination "MagnusCarlsen won by resignation"]

1. e4 c5 2. Nf3 d6 3. c3 Nf6 4. h3 g6 5. Bb5+ Bd7 6. Bxd7+ Qxd7 7. Qe2 Bg7 8. O-O O-O 9. d4 cxd4 10. cxd4 Nc6 11.
Nc3 e5 12. dxe5 dxe5 13. Rd1 Qe6 14. Be3 Rfd8 15. Qb5 b6 16. Nd5 Rac8 17. Rac1 Nxe4 18. Qa6 Bf8 19. Ng5 Nxg5 20. Bxg5 Rd6 21. b4 h6 22. Nf6+ Kg7 23. Rxd6 Bxd6 24. Ne4 hxg5 25. Nxd6 Rd8 26.
Ne4 Nxb4 27. Qxa7 Qf5 28. Qxb6 Rd4 29. f3 Nd3 30. Rd1 Qf4 31. Kh1 Qe3 32. Qf6+ Kg8 33.
Kh2 Qf4+ 34. Qxf4 gxf4 35. a4 Nb4 36. Rxd4 exd4 37. a5 d3 38. Kg1 Kf8 39. Kf2 f5 40. Nc5 Ke7 41. a6 Nc6 42. Nxd3 g5 43. g3 fxg3+ 44.
Kxg3 Kd6 45. f4 gxf4+ 46. Kxf4 Kc7 47. h4 Kb6 48. h5 Ne7 49. h6 Kxa6 50. h7 Kb6 51.
Ne5 Nd5+ 52. Kxf5 Ne7+ 53. Ke6 1-0

[Event "Late-Titled-Tuesday-Blitz-September-26-2023"]
[Site "Chess.com"]
[Date "2023.09.26"]
[Round "3"]
[White "GaiozNigalidze"]
[Black "Jospem"]
[Result "1-0"]
[WhiteElo "2732"]
[BlackElo "2983"]
[TimeControl "180+1"]
[EndTime "14:28:05 PDT"]
[Termination "GaiozNigalidze won by resignation"]

1. d4 Nf6 2. c4 e6 3. Nf3 Bb4+ 4. Bd2 c5 5. e3 b6 6. a3 Bxd2+ 7. Nbxd2 Bb7 8.
dxc5 bxc5 9. Be2 d6 10. O-O O-O 11. b4 a6 12. Qb3 Nbd7 13. Rfd1 Qc7 14. h3 Rfb8 15. Rac1 h6 16. Qc3 Bc6 17. Bd3 Rb7 18. Rb1 Rab8 19. Rdc1 Rb6 20. Kf1 R8b7 21. Rb2 Rb8 22. Kg1 e5 23. Bf5 e4 24. Bxd7 Nxd7 25. Nh4 g6 26. g3 Ne5 27. Rcb1 Nd3 28. Rb3 Ba4 29. Nxe4 d5 30. cxd5 c4 31. R3b2 Re8 32.
Nf6+ Rxf6 33. Qxf6 c3 34. d6 Qc4 35. Nxg6 Kh7 36. d7 Bxd7 37. Rc2 fxg6 38. Rxc3 Qe4 39. Qf7+ Kh8 40. Qxd7 Nxf2 41. Qd4+ Qxd4 42. exd4 Nxh3+ 43. Kg2 Ng5 44. Rb2 Rd8 45. Rd3 Ne4 46. d5 Nd6 47. Rc2 Nb5 48. a4 Nd6 49. Rc6 Nf5 50. Rxa6 Kg7 51. d6 Kf7 52. a5 Rc8 53. d7 Rd8 54.
Rb6 Ne7 55. a6 1-0

[Event "Late-Titled-Tuesday-Blitz-September-26-2023"]
[Site "Chess.com"]
[Date "2023.09.26"]
[Round "3"]
[White "bazar-wokzal"]
[Black "sergiochess83"]
[Result "1-0"]
[WhiteElo "2683"]
[BlackElo "2880"]
[TimeControl "180+1"]
[EndTime "14:28:07 PDT"]
[Termination "bazar-wokzal won by checkmate"]

1. e4 c6 2. d4 d5 3. f3 e6 4. Nc3 Bb4 5. Be3 Ne7 6. Bd3 Nd7 7. Ne2 dxe4 8. fxe4 e5 9. O-O exd4 10. Bxd4 O-O 11.
Kh1 Bc5 12. Qd2 Bxd4 13. Nxd4 Ne5 14. Nf5 N7g6 15. Ne2 Be6 16. Rad1 Qb6 17. b3 Rad8 18. Nf4 Bxf5 19. exf5 Nxf4 20. Qxf4 Nxd3 21. Rxd3 Rxd3 22. cxd3 f6 23. Qc4+ Kh8 24. Re1 Qf2 25. Qe6 h6 26. a4 a5 27. h3 Kh7 28. Re3 Qf1+ 29. Kh2 Qf4+ 30. Kg1 Rd8 31. Rf3 Qb8 32. Qf7 Re8 33. Kf2 Qe5 34. Kg1 Re7 35. Qg6+ Kh8 36. Qg4 Qd5 37.
Qc4 Re5 38. Qxd5 Rxd5 39. g4 Rc5 40. Re3 Rc3 41. Kf2 Rxb3 42. Re8+ Kh7 43. Ke3 Rb4 44.
Rb8 h5 45. d4 hxg4 46. hxg4 Kh6 47. Kf3 Kg5 48. Rg8 Kh6 49. Rh8+ Kg5 50. Rh5# 1-0

[Event "Late-Titled-Tuesday-Blitz-September-26-2023"]
[Site "Chess.com"]
[Date "2023.09.26"]
[Round "3"]
[White "ChristopherYoo"]
[Black "rychessmaster1"]
[Result "1/2-1/2"]
[WhiteElo "3002"]
[BlackElo "2728"]
[TimeControl "180+1"]
[EndTime "14:28:08 PDT"]
[Termination "Game drawn - insufficient material"]

1. e4 c6 2. d3 d5 3. Nd2 e5 4.
Ngf3 Bd6 5. d4 exd4 6. exd5 Nf6 7. dxc6 Nxc6 8. Bb5 O-O 9. O-O Bg4 10. h3 Bh5 11. Re1 Bc7 12. Nb3 Bxf3 13. Qxf3 Qd6 14. Bxc6 bxc6 15. g3 Qd7 16. Bg5 Qxh3 17. Bxf6 gxf6 18.
Qxf6 Bb6 19. Qg5+ Kh8 20. Qf6+ Kg8 21. Re5 h6 22. Qf3 Rae8 23. Rh5 Qe6 24. Kg2 Qd6 25. Rah1 Re6 26. Qg4+ Kh7 27. Qf5+ Kg7 28. Nd2 Rfe8 29. Nc4 Qd5+ 30. Qxd5 cxd5 31. Rxd5 Re2 32. Nxb6 axb6 33. Rxd4 Rxc2 34. b4 Rxa2 35. Rd6 Re6 36.
Rxe6 fxe6 37. Rd1 Rb2 38. Rd4 Kf6 39. Rf4+ Kg6 40. Kf3 Rb3+ 41. Kg4 h5+ 42. Kh4 Rb1 43. Kh3 Rb2 44. f3 e5 45. Rc4 Kf5 46. g4+ hxg4+ 47. fxg4+ Kg5 48. Kg3 Rb3+ 49. Kf2 b5 50. Re4 Kh4 51.
Rxe5 Rxb4 52. g5 Rg4 53. Rxb5 Rxg5 54. Rb8 Kg4 55. Rb4+ Kf5 56. Rb5+ Kg6 57. Rxg5+ Kxg5 1/2-1/2

[Event "Late-Titled-Tuesday-Blitz-September-26-2023"]
[Site "Chess.com"]
[Date "2023.09.26"]
[Round "3"]
[White "MeisterJabo"]
[Black "AleksanderHnydiuk"]
[Result "1/2-1/2"]
[WhiteElo "2325"]
[BlackElo "2543"]
[TimeControl "180+1"]
[EndTime "14:28:11 PDT"]
[Termination "Game drawn by repetition"]

1. e4 c5 2. Nf3 e6 3. d4 cxd4 4.
Nxd4 Nc6 5. Nc3 a6 6. Be3 Nf6 7. Be2 d6 8. O-O Bd7 9. f4 Be7 10. Kh1 b5 11. a3 O-O 12. g4 Nxd4 13. Bxd4 Bc6 14. Bf3 Nd7 15. e5 Qc7 16. Bxc6 Qxc6+ 17. Qf3 Qxf3+ 18. Rxf3 Rac8 19. Rd1 dxe5 20. Bxe5 Nxe5 21. fxe5 Rfd8 22. Rfd3 Rxd3 23. Rxd3 Rd8 24. Kg2 Rxd3 25.
cxd3 Bc5 26. Kf3 Kf8 27. Ke4 Ke7 28. d4 Ba7 29. a4 bxa4 30. Nxa4 Kd7 31. d5 exd5+ 32.
Kxd5 Bf2 33. Nc5+ Bxc5 34. Kxc5 h5 35. h3 Ke6 36. Kb6 Kxe5 37. Kxa6 hxg4 38. hxg4 Kf4 39. b4 Kxg4 40. b5 f5 41. b6 f4 42. b7 f3 43.
b8=Q f2 44. Qb1 Kg3 45. Qf1 g5 46. Kb5 g4 47. Kc4 Kf3 48. Kd3 g3 49. Qe2+ Kg2 50. Qe4+ Kg1 51. Qe3 Kg2 52. Qe4+ Kg1 53. Qe3 Kg2 54.
Qe2 Kg1 55. Qe3 1/2-1/2

[Event "Late-Titled-Tuesday-Blitz-September-26-2023"]
[Site "Chess.com"]
[Date "2023.09.26"]
[Round "3"]
[White "Shuvalov"]
[Black "AradNazari"]
[Result "0-1"]
[WhiteElo "2484"]
[BlackElo "2776"]
[TimeControl "180+1"]
[EndTime "14:28:14 PDT"]
[Termination "AradNazari won by resignation"]

1. d4 Nf6 2. c4 g6 3. Nc3 d5 4.
cxd5 Nxd5 5. e4 Nxc3 6. bxc3 Bg7 7. Nf3 O-O 8. Be3 c5 9. Rc1 Qa5 10. Qd2 Rd8 11. d5 e6 12. c4 Qxd2+ 13. Nxd2 b6 14.
h3 Na6 15. Bd3 Bb2 16. Rd1 Nb4 17. Bb1 exd5 18. exd5 Re8 19. O-O Ba6 20. Rfe1 f5 21.
g4 fxg4 22. hxg4 Kf7 23. Kg2 Re7 24. f4 Rae8 25. Bf2 Bc8 26. Kf3 Rxe1 27. Rxe1 Rxe1 28. Bxe1 Bc3 29. a3 Na6 30. f5 gxf5 31. Bxf5 Bxf5 32. gxf5 Nc7 33. Ke2 Bxd2 34. Bxd2 Kf6 35. Bf4 Na6 36. d6 Nb8 37. Kf3 Kxf5 38. Bh2 Nd7 39. Ke3 h5 40. Kf3 h4 41. a4 Nf6 42.
Bf4 Ke6 43. Bg5 h3 44. Bf4 Ne8 45. Kg3 Nxd6 46. Kxh3 Nxc4 47. Bb8 a6 48. Kg3 Kd5 49.
Kf3 Nb2 50. a5 b5 51. Ke2 Nc4 52. Bc7 Kc6 53. Bd8 b4 54. Kd3 Kb5 55. Kc2 Nxa5 56. Bf6 Nc6 57. Kb3 a5 58. Ka2 c4 59. Bg7 a4 60. Kb2 a3+ 61. Ka2 Ka4 62. Ka1 b3 63.
Kb1 Nb4 64. Bc3 Nd5 65. Bd4 c3 66. Ka1 c2 67. Bb2 axb2+ 68. Kxb2 Nf4 0-1

[Event "Late-Titled-Tuesday-Blitz-September-26-2023"]
[Site "Chess.com"]
[Date "2023.09.26"]
[Round "3"]
[White "Rital44"]
[Black "Dewarfd"]
[Result "1-0"]
[WhiteElo "2519"]
[BlackElo "2220"]
[TimeControl "180+1"]
[EndTime "14:28:14 PDT"]
[Termination "Rital44 won on time"]

1. Nf3 d5 2. e3 c5 3. b3 Nf6 4. Bb2 e6 5. c4 Be7 6. cxd5 exd5 7. d4 O-O 8. Be2 Nc6 9. O-O Bf5 10. Nc3 Rc8 11.
Na4 cxd4 12. Nxd4 Nxd4 13. Bxd4 b6 14. Ba6 Rb8 15. Qf3 Bg4 16. Qg3 Bf5 17. f3 Bd6 18.
Qe1 Qe7 19. Rd1 Bc2 20. Rd2 Bg6 21. Bxf6 Qxf6 22. Rxd5 Rbd8 23. e4 Qf4 24. g3 Qh6 25.
Kg2 f5 26. e5 Bb4 27. Qxb4 Rxd5 28. Bc4 Bf7 29. Bxd5 Bxd5 30. Qd4 Rd8 31. Kg1 Rd7 32. Nc3 Be6 33. Qf4 Qxf4 34. gxf4 Rd2 35. Rf2 Rd3 36. Nb5 a6 37. Nc7 Kf7 38. Nxa6 Rd4 39.
Rc2 Rxf4 40. Kf2 Rh4 41. Kg3 Rd4 42. Rc7+ Kf8 43. Rc6 Kf7 44. Nc7 Bd7 45. Rxb6 Rd2 46. e6+ Ke7 47. exd7 Kxd7 48. Nb5 Rxa2 49. Nd4 f4+ 50.
Kxf4 Rxh2 51. b4 h6 52. Rb7+ Kc8 53. Rxg7 Kd8 54. Ke5 Ke8 55. f4 Kf8 56. Ne6+ Ke8 57. Kf6 1-0

[Event "Late-Titled-Tuesday-Blitz-September-26-2023"]
[Site "Chess.com"]
[Date "2023.09.26"]
[Round "3"]
[White "pirulillo"]
[Black "FrankDux44"]
[Result "0-1"]
[WhiteElo "2365"]
[BlackElo "2574"]
[TimeControl "180+1"]
[EndTime "14:28:16 PDT"]
[Termination "FrankDux44 won by resignation"]

1. e4 c5 2. Nf3 d6 3. d4 cxd4 4. Nxd4 Nf6 5. Nc3 g6 6. Be2 Bg7 7. O-O O-O 8. Bg5 Nc6 9. Nb3 h6 10. Bh4 g5 11. Bg3 Be6 12. Bf3 a5 13. a4 Nb4 14.
Nd4 Bd7 15. e5 dxe5 16. Bxe5 Qb6 17. Ndb5 Bc6 18. Bd4 Qd8 19. Bxf6 Bxf6 20. Bxc6 bxc6 21. Na3 Qxd1 22. Nxd1 Rfd8 23. c3 Nd3 24. Nc4 Nc5 25.
Nde3 e6 26. g3 Rd3 27. Rfd1 Rxd1+ 28. Nxd1 Bd8 29. Nde3 Bc7 30. Rd1 Nxa4 31. Ra1 Nc5 32. Nxa5 Rxa5 33. Rxa5 Bxa5 34. b4 Bb6 35. bxc5 Bxc5 36.
Nc4 Kg7 37. Ne5 f6 38. Nxc6 Kf7 39. Kg2 Ke8 40. Na5 Kd7 41. Nc4 Kc6 42. f4 Kd5 43. Nd2 Bb6 44. Kf3 Ba5 45. Ne4 f5 46. Nf6+ Kd6 47. fxg5 hxg5 48. Nh7 g4+ 49. Kf4 Bxc3 50.
Kg5 Kd5 51. Nf8 Bd4 52. Ng6 Bg1 53. h4 gxh3 54. Nf4+ Ke4 55. Nxh3 Be3+ 56. Kh4 e5 57. g4 f4 58. g5 Kf5 59. Kh5 e4 60. g6 Bd4 61. Kh6 e3 62. g7 Bxg7+ 63. Kxg7 Kg4 64. Ng1 f3 65. Kf6 e2 66. Nxe2 fxe2 67. Ke5 e1=Q+ 0-1

[Event "Late-Titled-Tuesday-Blitz-September-26-2023"]
[Site "Chess.com"]
[Date "2023.09.26"]
[Round "3"]
[White "Agibileg"]
[Black "slorovel"]
[Result "1-0"]
[WhiteElo "2689"]
[BlackElo "2468"]
[TimeControl "180+1"]
[EndTime "14:28:20 PDT"]
[Termination "Agibileg won by resignation"]

1. d4 Nf6 2. c4 d6 3. Nf3 Nbd7 4.
Nc3 e5 5. e4 g6 6. Be2 Bg7 7. O-O O-O 8. Be3 Qe7 9. d5 c5 10. Ne1 Kh8 11. Nd3 Ng8 12. a3 f5 13. f3 f4 14. Bf2 g5 15. b4 b6 16.
Qa4 h5 17. Qc6 Ba6 18. bxc5 Nxc5 19. Nxc5 dxc5 20. d6 Qe6 21. Nd5 Rac8 22. Nc7 Qg6 23. Rfd1 Rfd8 24. Qa4 Rxd6 25. Nxa6 Rd4 26. Bxd4 exd4 27.
Bd3 g4 28. Kh1 h4 29. Qd7 gxf3 30. gxf3 Qh5 31. Qg4 Qxg4 32. fxg4 Be5 33. a4 Nf6 34. h3 Nh7 35. Ra3 Ng5 36. Be2 Nxe4 37. Kg2 Rd8 38. Bf3 Ng5 39. a5 b5 40. cxb5 c4 41. b6 axb6 42.
axb6 d3 43. Nc5 d2 44. Na4 c3 45. Nxc3 Nxf3 46. Kxf3 Rd3+ 47. Ke4 Re3+ 48. Kf5 Bxc3 49. b7 Be5 50. Rxe3 fxe3 51. Kxe5 e2 52. b8=Q+ Kh7 53. Qa7+ Kh8 54. Qa8+ Kh7 55. Qe4+ Kh8 56. Qxe2 Kg8 57.
Qxd2 Kh7 1-0

[Event "Late-Titled-Tuesday-Blitz-September-26-2023"]
[Site "Chess.com"]
[Date "2023.09.26"]
[Round "3"]
[White "JoseRemolar"]
[Black "MikeSailer"]
[Result "1-0"]
[WhiteElo "2392"]
[BlackElo "2210"]
[TimeControl "180+1"]
[EndTime "14:28:21 PDT"]
[Termination "JoseRemolar won on time"]

1. d4 d5 2. c4 Bf5 3. Nc3 e6 4.
Qb3 Nc6 5. Nf3 Bb4 6. e3 Nf6 7. Bd2 a5 8. a3 Bxc3 9. Bxc3 Rb8 10. c5 O-O 11. Bb5 Ne4 12. O-O Nxc3 13. bxc3 Ne7 14.
Nh4 Bg4 15. f3 Bh5 16. g4 Bg6 17. Ng2 c6 18. Be2 b6 19. cxb6 Qxb6 20. Qa2 Rb7 21. Rfc1 h6 22. Nf4 Bh7 23. Bd3 c5 24. Bxh7+ Kxh7 25. Nd3 cxd4 26. cxd4 Rfb8 27. Nc5 Rc7 28.
Rcb1 Qa7 29. Rxb8 Qxb8 30. Na6 Qc8 31. Nxc7 Qxc7 32. Qb2 Ng6 33. Rc1 Qd6 34. Qc3 Nh4 35. f4 f6 36. Qc5 Qb8 37. Qc2+ f5 38. gxf5 Nxf5 39. Kf2 Qd8 40. Ke2 Qh4 41. Kd3 Qh3 42. Re1 Qf3 43. Kc3 Kh8 44. Qd3 Qf2 45. Qe2 Qh4 46.
Rb1 Qd8 47. Kd2 Qh4 48. Rb7 Qh3 49. Rb3 Qg4 50. Rb8+ Kh7 51. Qxg4 1-0

[Event "Late-Titled-Tuesday-Blitz-September-26-2023"]
[Site "Chess.com"]
[Date "2023.09.26"]
[Round "3"]
[White "Willychess95"]
[Black "TigrVShlyape"]
[Result "0-1"]
[WhiteElo "2699"]
[BlackElo "2959"]
[TimeControl "180+1"]
[EndTime "14:28:23 PDT"]
[Termination "TigrVShlyape won by resignation"]

1. e4 c5 2. Nf3 e6 3. d4 cxd4 4.
Nxd4 a6 5. g3 b5 6. Bg2 Bb7 7.
a4 b4 8. O-O Ne7 9. Nd2 Qc7 10.
b3 Ng6 11. Bb2 Be7 12. f4 O-O 13. Nc4 d5 14. exd5 exd5 15. Ne3 Rd8 16. f5 Ne5 17. f6 Bxf6 18. Rxf6 gxf6 19. Nef5 Kh8 20. Qh5 Rg8 21. Rf1 Nbd7 22. Bc1 Rg6 23. Ne7 Re8 24. Nxg6+ fxg6 25. Qd1 Qd6 26. Kh1 Nc5 27. Bb2 Ne4 28. Nf3 Nc3 29. Qd2 d4 30. Qxd4 Qxd4 31. Nxd4 Bxg2+ 32. Kxg2 Nd5 33. Re1 Rc8 34. Re2 Kg8 35. Nf3 Nxf3 36. Kxf3 Kf7 37. Rd2 Ke6 38. Re2+ Kf7 39. Rd2 Rc5 40.
Ke4 Ke6 41. Bd4 Rc6 42. Re2 h5 43. Kd3+ Kf7 44. Rf2 f5 45. Rd2 Nc3 46. Bxc3 Rxc3+ 47. Kd4 Ke6 48. Re2+ Kd6 49. Rd2 a5 50. Rf2 Ke6 51.
Re2+ Kf6 52. Kd5 g5 53. Re6+ Kf7 54. Re5 Rxc2 55. Rxf5+ Kg6 56. Ke6 Re2+ 57. Re5 Rxh2 58. Rxa5 Rb2 59. Rb5 Rxb3 60. a5 Re3+ 61. Kd5 Rxg3 62.
Rxb4 Ra3 63. Rb5 h4 64. Ke4 Kh5 65. Rc5 h3 0-1

[Event "Late-Titled-Tuesday-Blitz-September-26-2023"]
[Site "Chess.com"]
[Date "2023.09.26"]
[Round "3"]
[White "Alex_Banzea"]
[Black "GreatOwl02"]
[Result "0-1"]
[WhiteElo "2623"]
[BlackElo "2472"]
[TimeControl "180+1"]
[EndTime "14:28:24 PDT"]
[Termination "GreatOwl02 won by checkmate"]

1. d4 Nf6 2. Nf3 e6 3. Bf4 c5 4.
e3 Be7 5. Nbd2 b6 6. c3 Bb7 7.
h3 cxd4 8. exd4 d6 9. Bd3 Nd5 10. Bh2 Nd7 11. Nc4 N7f6 12. a4 a6 13. O-O O-O 14.
Re1 Rc8 15. Bf1 b5 16. axb5 axb5 17. Na5 Ba6 18. Nd2 Qb6 19. Qb3 Rb8 20. c4 bxc4 21.
Qxb6 Rxb6 22. Naxc4 Bxc4 23. Nxc4 Rc6 24. Ra7 Rfc8 25.
b3 Bf8 26. g4 h6 27. Bg3 g5 28. Bg2 Rb8 29. Ra3 Rb5 30. Ra8 Kg7 31. Nd2 Rc2 32. Nc4 Rxb3 33. Nxd6 Rxg3 34. Nf5+ exf5 35. fxg3 f4 36.
Bxd5 Nxd5 37. Ree8 Bb4 38. gxf4 Nxf4 39. h4 Bc3 40. hxg5 Bxd4+ 41. Kf1 hxg5 42. Rg8+ Kf6 43. Ra6+ Ne6 44. Re8 Rf2+ 45. Ke1 Rf4 46. Rd8 Rxg4 47. Kd1 Re4 48. Rd5 g4 49. Ra2 Re5 50. Rxe5 Bxe5 51. Rg2 Kg5 52. Ke1 f5 53. Re2 Kf6 54. Kf1 Nf4 55. Ra2 Kg5 56. Ra6 Ng6 57. Ra8 Bf4 58.
Ra5 Be3 59. Ra4 g3 60. Ra5 Kg4 61. Kg2 Nh4+ 62. Kf1 g2+ 63. Ke2 g1=Q 64. Ra4+ f4 65. Ra2 Qf2+ 66. Kd1 Qxa2 67. Ke1 Qd2+ 68. Kf1 Qf2# 0-1

[Event "Late-Titled-Tuesday-Blitz-September-26-2023"]
[Site "Chess.com"]
[Date "2023.09.26"]
[Round "3"]
[White "K_alena13"]
[Black "GiorgianBarbosa"]
[Result "1-0"]
[WhiteElo "2216"]
[BlackElo "2358"]
[TimeControl "180+1"]
[EndTime "14:28:27 PDT"]
[Termination "K_alena13 won on time"]

1. Nf3 Nf6 2. c4 Nc6 3. Nc3 e5 4. d3 a6 5. g3 Bc5 6. Bg2 d6 7. O-O h5 8. h4 Bg4 9. a3 Qd7 10. b4 Ba7 11. Nd5 Nxd5 12. cxd5 Ne7 13. Qb3 Nf5 14. Kh2 Bxf3 15. exf3 f6 16. Bh3 g6 17.
Qc2 Qf7 18. Qc4 Nd4 19. Kg2 f5 20. Be3 Qf6 21. Bxd4 Bxd4 22. Rae1 O-O-O 23. b5 a5 24. Rc1 Bb6 25. Rfe1 Kb8 26. d4 exd4 27. Re6 Qg7 28.
Rce1 Rhf8 29. f4 Rf6 30. Re7 Rf7 31. R7e6 Rdd7 32. R1e2 Rfe7 33. Qd3 Rxe6 34. Rxe6 Re7 35. Kg1 Rxe6 36. dxe6 Qe7 37. Qc4 d3 38. Bf1 d2 39.
Be2 Bc5 40. Bf3 Ka7 41. Qd5 c6 42. bxc6 bxc6 43. Qxc6 d1=Q+ 44. Bxd1 Qxe6 45. Qc7+ Ka6 46. Qc6+ Ka7 47. Qc7+ Ka6 48. Qc6+ Bb6 49. Qc2 Qe1+ 50. Kg2 Qe6 51. Kh2 Kb7 52. Bf3+ Kb8 53. Qc6 1-0